[Event "*** Titled Tuesday Blitz"]
[Site "Chess.com"]
[Date "2020.03.03"]
[Round "2"]
[White "deBaller"]
[Black "Amirreza_p"]
[Result "0-1"]
[WhiteElo "2352"]
[BlackElo "2792"]
[TimeControl "180+1"]
[EndTime "13:19:46 PST"]
[Termination "Amirreza_p won on time"]

1. e4 e6 2. d4 d5 3. Nd2 c5 4. exd5 Qxd5 5. Ngf3 cxd4 6. Bc4 Qd7 7. O-O Nc6 8. Nb3 a6 9. Nbxd4 Nxd4 10. Qxd4 Qxd4 11.
Nxd4 Bd7 12. Bf4 O-O-O 13. Rad1 Nf6 14. Rfe1 Bc5 15. c3 h6 16. h3 Ba4 17. Nb3 Ba7 18. Be5 Rxd1 19. Rxd1 Rd8 20. Rxd8+ Kxd8 21. Nd4 Ne8 22.
Kf1 Ke7 23. Ke2 f6 24. Bf4 Bxd4 25. cxd4 Bb5 26. b3 g5 27. Bb8 Ng7 28. Kd3 Bc6 29.
f3 b5 30. Ba7 bxc4+ 31. bxc4 Kd7 32. Bc5 Nf5 33. g4 Nh4 34. Bf8 Nxf3 35. Bxh6 Ng1 36. Ke3 Ke7 37. h4 gxh4 38. Bf4 Nh3 39. Bh2 Ng5 0-1

[Event "*** Titled Tuesday Blitz"]
[Site "Chess.com"]
[Date "2020.03.03"]
[Round "2"]
[White "AyMitecK"]
[Black "Benjoneliere44"]
[Result "0-1"]
[WhiteElo "2334"]
[BlackElo "2631"]
[TimeControl "180+1"]
[EndTime "13:19:46 PST"]
[Termination "Benjoneliere44 won by resignation"]

1. e4 c5 2. Nc3 Nc6 3. Bb5 Nd4 4.
Nf3 g6 5. Nxd4 cxd4 6. Ne2 Bg7 7. O-O e6 8. c3 dxc3 9. bxc3 Nf6 10. Bd3 d5 11. Bb5+ Bd7 12. Bxd7+ Qxd7 13. e5 Ng4 14. d4 O-O 15. h3 Nh6 16. g4 Kh8 17. Be3 Ng8 18.
Qd2 f5 19. gxf5 Rxf5 20. Ng3 Rf3 21. Kg2 Raf8 22. h4 h5 23. Rac1 Kh7 24. c4 Nh6 25. Bxh6 Bxh6 26. Qe2 Bxc1 27. Rxc1 Rxf2+ 28. Qxf2 Rxf2+ 29. Kxf2 Qc6 30. c5 Qa4 31. Ne2 Qxa2 32. Rc3 Kg7 33. Ke3 Qa5 34. Rb3 Qc7 35. Nf4 Qf7 36. Rb2 Kh6 37. Rg2 Qf5 38. Rxg6+ Qxg6 39. Nxg6 Kxg6 40. Kf4 a5 41. Ke3 Kf5 42. Kd3 a4 43. Kc3 Ke4 44. Kb4 Kxd4 45. Kb5 a3 0-1

[Event "*** Titled Tuesday Blitz"]
[Site "Chess.com"]
[Date "2020.03.03"]
[Round "2"]
[White "WiktoriaPOL"]
[Black "RaphCamora"]
[Result "0-1"]
[WhiteElo "2174"]
[BlackElo "2447"]
[TimeControl "180+1"]
[EndTime "13:19:46 PST"]
[Termination "RaphCamora won on time"]

1. c4 e6 2. Nc3 d5 3. d4 c6 4. cxd5 exd5 5. Nf3 Bf5 6. Bg5 Qb6 7. Qc1 h6 8. Bf4 Nf6 9. e3 Be7 10. Be2 O-O 11.
O-O Nbd7 12. a3 a5 13. Nh4 Bh7 14. Nf3 Ne4 15. Nxe4 Bxe4 16. Nd2 Bg6 17. Qc3 a4 18.
Bd3 Bxd3 19. Qxd3 Ra5 20. b4 axb3 21. a4 Rfa8 22. Rab1 b2 23. Qc2 Rxa4 24. Rxb2 Qa6 25. Rfb1 b5 26. Rc1 Ra1 27. Nb1 Ba3 28. Nxa3 Rxc1+ 29.
Qxc1 Qxa3 30. Rc2 Qxc1+ 31. Rxc1 Nb6 32. g3 Nc4 33. Kf1 Ra2 34. Ke1 g5 35. Bc7 Kg7 36.
Be5+ Kg6 37. f4 Kf5 38. fxg5 hxg5 39. Rc3 Ke4 40. g4 Kf3 41. Kd1 Nxe3+ 42. Kc1 b4 43. Rb3 Rc2+ 44. Kb1 Rc3 45. Rxb4 Nxg4 0-1

[Event "*** Titled Tuesday Blitz"]
[Site "Chess.com"]
[Date "2020.03.03"]
[Round "2"]
[White "MikaelyanArman"]
[Black "Maili15"]
[Result "1-0"]
[WhiteElo "2622"]
[BlackElo "2328"]
[TimeControl "180+1"]
[EndTime "13:19:48 PST"]
[Termination "MikaelyanArman won on time"]

1. e4 c5 2. Nc3 d6 3. f4 Nf6 4. Nf3 Nc6 5. Bb5 g6 6. e5 dxe5 7. Nxe5 Bd7 8. Bxc6 bxc6 9. Qf3 Qc7 10. b3 Bg7 11.
Ba3 Qa5 12. Nc4 Qc7 13. Bxc5 Bg4 14. Qg3 O-O 15. O-O h5 16. Rae1 Rfe8 17. Ne5 Bf5 18. d3 Rad8 19. b4 Nd7 20. Bf2 c5 21. Nd5 Qb7 22. c4 cxb4 23. Qf3 Rb8 24. h3 Nxe5 25. fxe5 Be6 26. Bc5 a5 27. Qe4 Qd7 28. Nf4 Bf5 29. Qe3 Red8 30. Nd5 e6 31. Nf6+ Bxf6 32. exf6 Qxd3 33.
Qh6 1-0

[Event "*** Titled Tuesday Blitz"]
[Site "Chess.com"]
[Date "2020.03.03"]
[Round "2"]
[White "dusanacns"]
[Black "Aleksey_Sorokin"]
[Result "0-1"]
[WhiteElo "2606"]
[BlackElo "2855"]
[TimeControl "180+1"]
[EndTime "13:19:54 PST"]
[Termination "Aleksey_Sorokin won on time"]

1. e4 e5 2. Nf3 Nc6 3. Bc4 Bc5 4. c3 Nf6 5. d3 d6 6. h3 a6 7. Bb3 Ba7 8. Nbd2 O-O 9. Nf1 Be6 10. Ng3 h6 11. Nh2 d5 12. Qf3 Qd6 13. Ng4 Nxg4 14. hxg4 dxe4 15. dxe4 Bxb3 16. axb3 Ne7 17.
g5 hxg5 18. Bxg5 f6 19. Bd2 Rad8 20. O-O-O Qe6 21. Kc2 Rd7 22. Qh5 Rfd8 23. Nf5 Nxf5 24. exf5 Qd5 25. Qh7+ Kf7 26. Qg6+ Kg8 27. Qh7+ Kf8 28.
Qh8+ Qg8 29. Qh5 Bxf2 30. Qf3 Bb6 31. Qxb7 Qd5 32. Rh8+ Kf7 0-1

[Event "*** Titled Tuesday Blitz"]
[Site "Chess.com"]
[Date "2020.03.03"]
[Round "2"]
[White "gmasterkiller"]
[Black "MathiasWomacka"]
[Result "1-0"]
[WhiteElo "2636"]
[BlackElo "2395"]
[TimeControl "180+1"]
[EndTime "13:19:54 PST"]
[Termination "gmasterkiller won by resignation"]

1. e4 c5 2. Nf3 d6 3. d4 cxd4 4.
Nxd4 Nf6 5. Nc3 a6 6. f4 e5 7. Nf3 Nbd7 8. a4 Be7 9. Bd3 O-O 10. O-O exf4 11. Kh1 Nc5 12. Bxf4 Bg4 13. Qe1 Bh5 14. Nd4 Bg6 15. a5 d5 16. e5 Bxd3 17. cxd3 Ne8 18. Qg3 g6 19. Nf5 Ng7 20. Nxe7+ Qxe7 21. Bg5 Qe6 22. d4 Nb3 23. Rad1 Nf5 24. Qh3 Nfxd4 25.
Qh6 f5 26. exf6 Rf7 27. Rde1 Qg4 28. Re7 Nf5 29. Rxf7 Nxh6 30. Rg7+ Kh8 31. Bxh6 Qc4 32. Rf2 d4 33. f7 dxc3 34. f8=Q+ 1-0

[Event "*** Titled Tuesday Blitz"]
[Site "Chess.com"]
[Date "2020.03.03"]
[Round "2"]
[White "Noam_Vitenberg"]
[Black "Gabix_94"]
[Result "1-0"]
[WhiteElo "2453"]
[BlackElo "2698"]
[TimeControl "180+1"]
[EndTime "13:19:57 PST"]
[Termination "Noam_Vitenberg won by resignation"]

1. e4 e5 2. Nc3 Nf6 3. Bc4 Nxe4 4. Qh5 Nd6 5. Bb3 Be7 6. Qxe5 Nc6 7. Qxg7 Bf6 8. Qg3 Qe7+ 9. Nge2 Nd4 10. Qe3 Qxe3 11. fxe3 Nxb3 12. axb3 c6 13. e4 b5 14. O-O Bg7 15.
d3 O-O 16. Bf4 Nb7 17. Ng3 d6 18. Nh5 Bd4+ 19. Kh1 f5 20. Rf3 Be6 21. Bh6 Rf7 22.
Raf1 fxe4 23. Nxe4 Rxf3 24. Rxf3 Nc5 25. Nef6+ Kf7 26.
Be3 Bxe3 27. Rxe3 a5 28. Rg3 Bf5 29. Nxh7 a4 30. Rg7+ Ke6 31. Ng5+ Kd5 32. Rf7 Bg6 33. Nf4+ Kd4 34. Nxg6 axb3 35. Nf3+ Ke3 36. cxb3 Ra1+ 37. Ng1 Nxd3 38. Rf3+ Ke4 39. h4 Nxb2 40. h5 Ra7 41. Nh3 Kd4 42. Ng5 Rg7 43. Ne6+ 1-0

[Event "*** Titled Tuesday Blitz"]
[Site "Chess.com"]
[Date "2020.03.03"]
[Round "2"]
[White "Alexander_Moskalenko"]
[Black "Karacsonyi_Gellert"]
[Result "1-0"]
[WhiteElo "2848"]
[BlackElo "2604"]
[TimeControl "180+1"]
[EndTime "13:19:59 PST"]
[Termination "Alexander_Moskalenko won by resignation"]

1. d4 Nf6 2. c4 e6 3. Nf3 d5 4. g3 dxc4 5. Bg2 Bd7 6. Ne5 Bc6 7. Nxc6 Nxc6 8. e3 Qd7 9. Qa4 Nd5 10. Qxc4 Be7 11. Bd2 h5 12. Nc3 h4 13. Nxd5 exd5 14. Qxd5 Qxd5 15. Bxd5 hxg3 16. hxg3 Rxh1+ 17. Bxh1 Nd8 18. Ke2 c5 19. Bc3 cxd4 20. Bxd4 Ne6 21. Bxb7 Nxd4+ 22. exd4 Rb8 23. Bc6+ Kd8 24. b3 Kc7 25. Rc1 Kd6 26. Be4 Rb6 27. Kd3 g6 28. Rc2 f5 29.
Bg2 Bf6 30. f4 g5 31. Rf2 g4 32. Rc2 Rb4 33. Rc4 a5 34. Kc3 Bg7 35. a3 Rb8 36.
Rc5 Re8 37. Kd3 Re1 38. Rxf5 Rg1 39. Be4 Rd1+ 40. Kc2 Rxd4 41. Bd3 Ke6 42. Rxa5 Rd8 43. Bf5+ Ke7 44. Bxg4 Bd4 45. b4 Bf2 46. f5 Bxg3 47. Ra6 Be5 48. Re6+ Kf7 49. Rxe5 Kf6 50. Rc5 Rd4 51.
Be2 Re4 52. Bd3 Rh4 53. Kc3 Rh1 54. Rc6+ Ke7 55. f6+ Kd7 56. b5 Rc1+ 57. Bc2 Rg1 58. f7 Rg3+ 59. Bd3 Rf3 60. Ra6 Kc7 61. Ra8 Kb6 62.
f8=Q Rxf8 63. Rxf8 Ka5 64. Rf6 1-0

[Event "*** Titled Tuesday Blitz"]
[Site "Chess.com"]
[Date "2020.03.03"]
[Round "2"]
[White "Chessy222222"]
[Black "Manukyan_Artak"]
[Result "0-1"]
[WhiteElo "2177"]
[BlackElo "2437"]
[TimeControl "180+1"]
[EndTime "13:19:59 PST"]
[Termination "Manukyan_Artak won by resignation"]

1. e4 c6 2. d4 d5 3. exd5 cxd5 4.
Bd3 Nc6 5. c3 Nf6 6. Bf4 Bg4 7.
Qb3 Qb6 8. Nd2 e6 9. Ngf3 Be7 10. O-O O-O 11. Rfe1 Rfc8 12. Ne5 Nxe5 13. Bxe5 Bh5 14. Qc2 Bg6 15. Bxg6 hxg6 16. Nf3 Ne4 17. Nd2 Nxd2 18. Qxd2 Bf6 19. Bxf6 gxf6 20. h4 Kg7 21. Re3 Rh8 22.
Rh3 f5 23. f4 Rh5 24. Qe2 Qd8 25. Qe5+ Qf6 26. Qxf6+ Kxf6 27. g3 Rhh8 28. Kf2 Rhb8 29.
Ke3 b5 30. a3 a5 31. Rhh1 Ke7 32. Rhc1 Kd6 33. Kd3 Rb6 34. b4 Rc6 35. Rcb1 Rac8 36. Rc1 Ra6 37. Rcb1 Rc4 38. Rb3 axb4 39. Rxb4 Rxb4 40.
cxb4 Rc6 41. Re1 Kc7 42. Kd2 Rc4 43. Rc1 Kd6 44. Rxc4 dxc4 45. Ke2 Kd5 46. Ke3 f6 0-1

[Event "*** Titled Tuesday Blitz"]
[Site "Chess.com"]
[Date "2020.03.03"]
[Round "2"]
[White "karwowskikacper"]
[Black "HashtagChess"]
[Result "1-0"]
[WhiteElo "2373"]
[BlackElo "1596"]
[TimeControl "180+1"]
[EndTime "13:20:00 PST"]
[Termination "karwowskikacper won by resignation"]

1. e4 e6 2. d3 c5 3. Nd2 Nc6 4. g3 g6 5. Bg2 Bg7 6. Ngf3 Nge7 7. O-O O-O 8. Re1 d6 9. c3 b5 10. h4 Rb8 11. Nf1 a5 12. Ne3 b4 13. c4 a4 14. Rb1 d5 15. cxd5 exd5 16. exd5 Nd4 17.
Nxd4 Bxd4 18. d6 Nf5 19. Nxf5 Bxf5 20. Bf4 Rb6 21. Qe2 c4 22. Be4 cxd3 23. Bxd3 Be6 24. Bc4 Re8 25. Bxe6 Rxe6 26. Qd2 Bc5 27. Rxe6 fxe6 28.
Qe2 Qd7 29. Re1 Kf7 30. Qf3 Kg8 31. Qa8+ Kg7 32. Be5+ Kh6 33. Qf8+ Kh5 34. Qf3+ Kh6 35. Qf4+ Kh5 36. g4+ Kxh4 37. Bf6+ 1-0

[Event "*** Titled Tuesday Blitz"]
[Site "Chess.com"]
[Date "2020.03.03"]
[Round "2"]
[White "Zq1"]
[Black "AvitalBor"]
[Result "0-1"]
[WhiteElo "2571"]
[BlackElo "2795"]
[TimeControl "180+1"]
[EndTime "13:20:02 PST"]
[Termination "AvitalBor won by resignation"]

1. d4 d5 2. c4 e6 3. Nc3 Nf6 4. Nf3 Be7 5. g3 O-O 6. Bg2 dxc4 7. Ne5 c5 8. dxc5 Qxd1+ 9. Nxd1 Bxc5 10. Nxc4 Nc6 11. Bxc6 bxc6 12. Be3 Bb4+ 13. Bd2 Be7 14. O-O Ba6 15. Nde3 Nd5 16. Rfe1 Nxe3 17. Nxe3 Bf6 18. Rab1 Rfd8 19. Ba5 Rd7 20. Kf1 Rb8 21. b3 Rb5 22. b4 h5 23. Red1 Rbb7 24. Rxd7 Rxd7 25. Rd1 Rxd1+ 26. Nxd1 Bc4 27. a3 Bb3 28. Ke1 Bg5 29.
f4 Bf6 30. Kd2 g5 31. Bc7 g4 32. Be5 Bd8 33. Nc3 Bb6 34. e3 Kh7 35. Bd4 Bxd4 36.
exd4 Bd5 37. Ke3 Kg6 38. Ne4 Bxe4 39. Kxe4 f6 40. Kd3 Kf7 41. Kc4 Ke7 42. Kc5 Kd7 43.
a4 Kc7 44. b5 cxb5 45. axb5 Kd7 46. d5 e5 47. fxe5 fxe5 48. d6 e4 49. Kd4 Kxd6 50.
Kxe4 Kc5 51. Kf5 Kxb5 52. Kg5 a5 53. Kxh5 a4 0-1

[Event "*** Titled Tuesday Blitz"]
[Site "Chess.com"]
[Date "2020.03.03"]
[Round "2"]
[White "VerdeNotte"]
[Black "Sordis"]
[Result "1-0"]
[WhiteElo "2777"]
[BlackElo "2348"]
[TimeControl "180+1"]
[EndTime "13:20:02 PST"]
[Termination "VerdeNotte won by resignation"]

1. e4 c6 2. c4 d5 3. exd5 cxd5 4. d4 Nf6 5. Nc3 Nc6 6. Bg5 e6 7. Nf3 Be7 8. c5 O-O 9. Bd3 b6 10. Bb5 Bd7 11. Bxc6 Bxc6 12. b4 a5 13. b5 Be8 14.
Bxf6 Bxf6 15. c6 Qc7 16. O-O Be7 17. a4 f6 18. Re1 Bf7 19. Re3 Rfe8 20. Ra2 Bd6 21.
g3 Rad8 22. Rae2 Bb4 23. Na2 Bd6 24. Nc1 h6 25. Nd3 Re7 26. Qe1 Rde8 27. Nh4 g5 28. Nf3 Kg7 29. Qc3 Bh5 30. Re1 Bg6 31. Nd2 Bf7 32.
Rf1 Bg6 33. f4 Bf5 34. Qa1 g4 35. Rfe1 h5 36. Nf2 Bb4 37. R1e2 Qc8 38. Nd3 Bd6 39. Nf1 Be4 40. Rxe4 dxe4 41. Rxe4 Rf7 42. Qe1 Ree7 43. Nd2 Qc7 44. Nc4 Rf8 45. Rxe6 Rxe6 46. Qxe6 Be7 47. Nxb6 Qxb6 48. Qxe7+ Rf7 49. Qc5 Qd8 50. b6 Qe8 51. Ne5 fxe5 52. Qxe5+ Qxe5 53. fxe5 Rf3 54. c7 Rc3 55. b7 Rc1+ 56. Kf2 Rc2+ 57. Ke3 Rc1 1-0

[Event "*** Titled Tuesday Blitz"]
[Site "Chess.com"]
[Date "2020.03.03"]
[Round "2"]
[White "MateusViageiro"]
[Black "Keithonsky"]
[Result "0-1"]
[WhiteElo "2185"]
[BlackElo "2438"]
[TimeControl "180+1"]
[EndTime "13:20:02 PST"]
[Termination "Keithonsky won by resignation"]

1. e4 e6 2. Qe2 Be7 3. f4 d5 4. d3 Nf6 5. Nf3 b6 6. e5 Nfd7 7. g3 c5 8. Bg2 Nc6 9. O-O O-O 10. Be3 f6 11. exf6 Bxf6 12. c3 Re8 13. d4 a5 14.
Qf2 a4 15. Ne5 Bb7 16. Na3 Rf8 17. Qd2 Ndxe5 18. fxe5 Be7 19. Bh3 Qd7 20. Nc2 Na5 21.
Na3 cxd4 22. Bxd4 Bxa3 23. bxa3 Nc4 24. Qe2 Ba6 25. Qg4 Rxf1+ 26. Rxf1 Re8 27. Rf6 Bc8 28. Rf2 Rf8 29. Rxf8+ Kxf8 30. Qh5 Kg8 31. Bf1 Nxa3 32. Bxb6 Qf7 33. Qxf7+ Kxf7 34. Bd3 Bd7 35. Bc5 Nb5 36.
c4 Nc3 37. a3 dxc4 38. Bxc4 Bb5 39. Bb4 Bxc4 40. Bxc3 Kg6 41. Kf2 Kf5 42. Ke3 g5 43.
Kd4 Bd5 44. Kc5 Kg4 45. Bd2 h6 46. Kb4 Bb3 47. Kc5 Kh3 48. Kd6 Kxh2 49. Be1 h5 50.
Ke7 Kh3 51. Kf6 Kg4 52. Kg6 h4 53. gxh4 gxh4 54. Bxh4 Kxh4 0-1

[Event "*** Titled Tuesday Blitz"]
[Site "Chess.com"]
[Date "2020.03.03"]
[Round "2"]
[White "Supernotar"]
[Black "Ar4uha"]
[Result "1/2-1/2"]
[WhiteElo "2788"]
[BlackElo "2583"]
[TimeControl "180+1"]
[EndTime "13:20:03 PST"]
[Termination "Game drawn by repetition"]

1. d4 Nf6 2. c4 e6 3. Nf3 b6 4. g3 Ba6 5. b3 d5 6. Nbd2 Bd6 7. Bg2 O-O 8. O-O h6 9. Bb2 Nbd7 10.
Re1 Bb7 11. Ne5 c5 12. Nxd7 Qxd7 13. e4 dxe4 14. Nxe4 Nxe4 15. Bxe4 Bxe4 16. Rxe4 Rad8 17. Qh5 Be7 18. d5 exd5 19. Rg4 f6 20. cxd5 Rf7 21.
Rd1 Bd6 22. Qg6 Be5 23. Bxe5 fxe5 24. Qe4 Qf5 25. Qe2 Rfd7 26. Ra4 Rxd5 27. Rxd5 Rxd5 28. Rxa7 Kh7 29. Kg2 b5 30. Re7 c4 31. bxc4 bxc4 32. Qxc4 Rd2 33. Qc5 Qe4+ 34. Kh3 Qf5+ 35. Kg2 Qe4+ 36.
Kh3 Qf5+ 37. Kg2 1/2-1/2

[Event "*** Titled Tuesday Blitz"]
[Site "Chess.com"]
[Date "2020.03.03"]
[Round "2"]
[White "temus_galaktionov"]
[Black "Hasangatin_Ramil"]
[Result "1-0"]
[WhiteElo "2754"]
[BlackElo "2546"]
[TimeControl "180+1"]
[EndTime "13:20:03 PST"]
[Termination "temus_galaktionov won on time"]

1. d4 Nf6 2. Nf3 e6 3. c4 c5 4. d5 exd5 5. cxd5 Bd6 6. Nc3 Bc7 7. e4 d6 8. h3 O-O 9. Bd3 Re8 10. O-O a6 11. a4 Nbd7 12. Bf4 Nf8 13. Re1 Ng6 14. Bh2 Rb8 15. Qc2 Bd7 16. b3 b5 17. Rab1 Nh5 18. Bf1 Qf6 19. Re3 Nhf4 20. Ne2 Bb6 21. Nxf4 Nxf4 22.
axb5 axb5 23. Qb2 Qh6 24. Nd2 c4 25. Rf3 Nh5 26. bxc4 bxc4 27. Qc2 Bc5 28. Rxb8 Rxb8 29. Nxc4 Qg6 30. Bd3 Qg5 31. e5 dxe5 32. Nxe5 Rc8 33. Nxd7 Bxf2+ 34. Qxf2 Qc1+ 35. Bf1 Rd8 36. Rxf7 1-0

[Event "*** Titled Tuesday Blitz"]
[Site "Chess.com"]
[Date "2020.03.03"]
[Round "2"]
[White "Mikhail_Golubev"]
[Black "Eloist"]
[Result "0-1"]
[WhiteElo "2502"]
[BlackElo "2293"]
[TimeControl "180+1"]
[EndTime "13:20:03 PST"]
[Termination "Eloist won on time"]

1. e4 e6 2. d3 d5 3. Nd2 Nf6 4. Ngf3 b6 5. e5 Ng8 6. d4 Ne7 7. c3 Qd7 8. a4 Ba6 9. Bxa6 Nxa6 10. a5 b5 11. b4 Nb8 12. h4 h5 13. Nf1 Nf5 14. Ne3 Nxe3 15. Bxe3 Nc6 16. a6 Ne7 17.
Qd3 Nf5 18. Ra5 Rb8 19. Nd2 Qc6 20. Ke2 Be7 21. Nb1 Qc4 22. Qxc4 dxc4 23. Nd2 c6 24. Ne4 O-O 25. Bg5 f6 26. Bf4 Rbd8 27. exf6 gxf6 28. Raa1 Rd7 29. g4 hxg4 30. Rag1 Ng7 31. Rxg4 f5 32. Rg6 fxe4 33. Be5 Rf7 34. h5 Kh7 35. h6 Kxg6 36. h7 Rd8 37. h8=Q Rxh8 38.
Rxh8 Bf6 39. Rb8 Bxe5 40. dxe5 Nf5 41. Rc8 Ne7 0-1

[Event "*** Titled Tuesday Blitz"]
[Site "Chess.com"]
[Date "2020.03.03"]
[Round "2"]
[White "MartinCerveny"]
[Black "ChessBitl"]
[Result "1-0"]
[WhiteElo "2609"]
[BlackElo "2324"]
[TimeControl "180+1"]
[EndTime "13:20:04 PST"]
[Termination "MartinCerveny won on time"]

1. d4 Nf6 2. c4 g6 3. Nc3 Bg7 4. e4 d6 5. f3 O-O 6. Bg5 h6 7. Be3 Nc6 8. Nge2 a6 9. Qd2 Kh7 10.
h4 Rb8 11. h5 g5 12. f4 gxf4 13. Nxf4 e5 14. dxe5 Nxe5 15. Nfd5 Nfg4 16. Bf4 Be6 17. Be2 c6 18. Ne3 Nxe3 19. Qxe3 b5 20. cxb5 axb5 21. Rd1 b4 22. Nb1 Qa5 23. O-O Qxa2 24. Rxd6 Qxb2 25. Nd2 b3 26. Nf3 Rfd8 27. Rfd1 Rxd6 28. Rxd6 Qb1+ 29. Rd1 Qc2 30. Bxe5 Bxe5 31. Nxe5 b2 32. Nxf7 Bxf7 33. Qf4 Qc5+ 34. Kh2 Qe7 35. Qxb8 Qxe4 36.
Qxb2 Bd5 37. Bd3 1-0

[Event "*** Titled Tuesday Blitz"]
[Site "Chess.com"]
[Date "2020.03.03"]
[Round "2"]
[White "IgorBjelobrk"]
[Black "M1711"]
[Result "1-0"]
[WhiteElo "2722"]
[BlackElo "2522"]
[TimeControl "180+1"]
[EndTime "13:20:06 PST"]
[Termination "IgorBjelobrk won by resignation"]

1. d4 Nf6 2. c4 e6 3. g3 c5 4.
d5 exd5 5. cxd5 d6 6. Nf3 g6 7.
Nc3 Bg7 8. Bg2 O-O 9. O-O Re8 10.
Nd2 a6 11. a4 Nbd7 12. Ra2 Rb8 13. a5 b5 14. axb6 Nxb6 15. b3 Bb7 16. Nc4 Nxc4 17. bxc4 Nd7 18. Ne4 Nb6 19. Qc2 Be5 20. Bg5 f6 21.
Bd2 f5 22. Ng5 Bc8 23. Rb1 Bf6 24. Ne6 Bxe6 25. dxe6 Rxe6 26. Ba5 Kg7 27. Ra3 d5 28. cxd5 Rd6 29. Qxc5 Na4 30. Rxb8 Nxc5 31. Bxd8 Bxd8 32. Rc8 Bb6 33. Rc6 Rxc6 34. dxc6 Kf6 35. e3 Ke7 36. Bf1 Kd6 37. Bxa6 Kxc6 38. Bc4 Kd6 39. Ra8 Ke5 40. Rh8 h5 41. Bf7 Kf6 42. Be8 Ne4 43. Rg8 g5 44.
Rg6+ Ke7 45. Rxb6 Kxe8 46. Rh6 Kf7 47. Rxh5 Kg7 48. h4 Kg6 49. Rxg5+ Nxg5 50. hxg5 1-0

[Event "*** Titled Tuesday Blitz"]
[Site "Chess.com"]
[Date "2020.03.03"]
[Round "2"]
[White "Kislov_Oleg"]
[Black "WeAintSurePal"]
[Result "1-0"]
[WhiteElo "2535"]
[BlackElo "2310"]
[TimeControl "180+1"]
[EndTime "13:20:06 PST"]
[Termination "Kislov_Oleg won by resignation"]

1. e4 c6 2. d4 d5 3. Nc3 dxe4 4. Nxe4 Nf6 5. Nxf6+ exf6 6. c3 Bd6 7. Bd3 O-O 8.
Qc2 Re8+ 9. Ne2 h5 10. Be3 Nd7 11. O-O-O Nb6 12. Kb1 Be6 13. Nf4 Bxf4 14. Bxf4 Nc4 15. Rhe1 Qb6 16. Ka1 Bd5 17. f3 Qa5 18. b3 Na3 19. Qb2 b5 20. Bd6 Nc4 21. bxc4 bxc4 22. Be4 Red8 23. Bb4 Qc7 24. Bxd5 Rxd5 25. g3 Rb8 26.
Qa3 a5 27. Bc5 h4 28. Re7 Qc8 29. Qxa5 hxg3 30. hxg3 Qf5 31. Qc7 Rf8 32. Re3 Ra8 33.
Qxc6 Rxa2+ 34. Kxa2 Qc2+ 35. Ka1 Qxd1+ 36. Kb2 Qd2+ 37.
Ka3 Qc1+ 38. Kb4 Rd8 39. Re8+ Rxe8 40. Qxe8+ Kh7 41. Qe4+ g6 42. Kxc4 Qf1+ 43. Kd5 Qa6 44. Qe7 Kg7 45. Qf8+ Kh7 46. Qxf7+ Kh6 47. Qe6 Qa2+ 48. c4 f5 49. Bf8+ Kh5 50. Be7 Qb3 51. Qf6 Qxf3+ 52. Ke6 Qxg3 53. Kf7 f4 54. Qe5+ Kg4 55. d5 f3 56. Qxg3+ Kxg3 57. Bc5 Kf4 58. d6 g5 59. d7 f2 60. Bxf2 1-0

[Event "*** Titled Tuesday Blitz"]
[Site "Chess.com"]
[Date "2020.03.03"]
[Round "2"]
[White "2165149677570"]
[Black "ChessicallyInclined"]
[Result "0-1"]
[WhiteElo "2236"]
[BlackElo "2487"]
[TimeControl "180+1"]
[EndTime "13:20:06 PST"]
[Termination "ChessicallyInclined won by resignation"]

1. e4 d6 2. d4 Nf6 3. Nc3 g6 4. f3 c6 5. Be3 Nbd7 6. Qd2 b5 7. g4 Bg7 8. h4 h5 9. g5 Nh7 10. f4 Nb6 11. b3 d5 12. e5 Bf5 13. Bh3 e6 14.
Bxf5 exf5 15. Nf3 Nf8 16. a4 b4 17. Ne2 a5 18. c3 bxc3 19. Qxc3 Qd7 20. Kf2 Ne6 21.
Rhc1 Nd8 22. Nd2 Bf8 23. Rc2 Bb4 24. Qb2 Ne6 25. Nc1 c5 26. Nd3 Rc8 27. Rac1 c4 28.
Nxb4 axb4 29. bxc4 dxc4 30. Nxc4 Nxc4 31. Rxc4 Rxc4 32.
Rxc4 O-O 33. Qxb4 Qd5 34. Qb5 Qh1 35. d5 Qxh4+ 36. Ke2 Qg4+ 37. Kd3 Rd8 38. Qb7 Qd1+ 39. Bd2 Qf3+ 40. Be3 Rxd5+ 41. Kc2 Rd2+ 42. Kxd2 Qxb7 0-1

[Event "*** Titled Tuesday Blitz"]
[Site "Chess.com"]
[Date "2020.03.03"]
[Round "2"]
[White "NuidisVulko"]
[Black "almaguerjm"]
[Result "1/2-1/2"]
[WhiteElo "2487"]
[BlackElo "2320"]
[TimeControl "180+1"]
[EndTime "13:20:07 PST"]
[Termination "Game drawn by repetition"]

1. e4 Nf6 2. e5 Nd5 3. c4 Nb6 4. d4 d6 5. exd6 exd6 6. Nc3 Be7 7. Bd3 O-O 8. Nge2 Nc6 9. O-O Bg4 10. f3 Bh5 11. Be3 Bg6 12. b3 Bg5 13. Bf2 Re8 14.
Bxg6 hxg6 15. d5 Ne7 16. a4 Nf5 17. Qd3 Be3 18. Ne4 Bxf2+ 19. Rxf2 Nd7 20. Qc2 Nc5 21. b4 Ne3 22. Qc3 Nxe4 23. fxe4 Ng4 24. Rf4 Qg5 25. Raf1 Nf6 26. Ng3 Re5 27. h4 Qh6 28. c5 Rae8 29.
Qd4 b6 30. cxd6 cxd6 31. a5 g5 32. hxg5 Qxg5 33. R1f3 bxa5 34. bxa5 Rc8 35. Nf5 Rc1+ 36. Kh2 Ng4+ 37. Rxg4 Qxg4 38. Qxa7 Rxf5 39. exf5 Qh4+ 40.
Rh3 Qf4+ 41. Rg3 Qh6+ 42. Rh3 Qf4+ 43. Rg3 Qh4+ 44. Rh3 Qf4+ 1/2-1/2

[Event "*** Titled Tuesday Blitz"]
[Site "Chess.com"]
[Date "2020.03.03"]
[Round "2"]
[White "gemarin"]
[Black "JozefKneht"]
[Result "0-1"]
[WhiteElo "2098"]
[BlackElo "2564"]
[TimeControl "180+1"]
[EndTime "13:20:08 PST"]
[Termination "JozefKneht won by checkmate"]

1. d4 d5 2. c4 e6 3. Nc3 Nf6 4. Nf3 Be7 5. Bg5 O-O 6. e3 h6 7. Bh4 b6 8. Rc1 Bb7 9. Bxf6 Bxf6 10. cxd5 exd5 11. b4 c6 12. Bd3 a5 13. b5 c5 14.
O-O Nd7 15. Bf5 g6 16. Bxd7 Qxd7 17. dxc5 bxc5 18. Na4 Qxb5 19. Nxc5 Rab8 20. Nd4 Qe8 21. Nxb7 Rxb7 22. Nc6 Qe4 23. Nxa5 Ra7 24. Rc5 d4 25. exd4 Bxd4 26. Rc4 Rd8 27. Kh1 Rxa5 28. Re1 Qf4 29. f3 Rad5 30. Re4 Qf6 31. g3 Kg7 32. Qb3 Ba7 33.
Rf4 Rf5 34. Rc7 Rxf4 35. gxf4 Bb6 36. Rb7 Qa1+ 37. Kg2 Rd2+ 38. Kg3 Qg1+ 39. Kh4 Rxh2# 0-1

[Event "*** Titled Tuesday Blitz"]
[Site "Chess.com"]
[Date "2020.03.03"]
[Round "2"]
[White "gui_borba"]
[Black "kinga2008"]
[Result "0-1"]
[WhiteElo "2363"]
[BlackElo "1952"]
[TimeControl "180+1"]
[EndTime "13:20:11 PST"]
[Termination "kinga2008 won by resignation"]

1. d4 Nf6 2. Bf4 g6 3. Nc3 Bg7 4. e4 d6 5. Qd2 O-O 6. O-O-O Nbd7 7. Bh6 c5 8. Bxg7 Kxg7 9. d5 b5 10. Bxb5 Qa5 11. h4 Rb8 12. Bxd7 Bxd7 13. h5 Qb4 14. b3 Nxe4 15. Nxe4 Qxe4 16. hxg6 Qxg6 17.
Nf3 Qf6 18. Kb1 c4 19. Rh4 cxb3 20. axb3 Bf5 21. Nd4 Bg6 22. Rg4 Rfc8 23. f4 Kh8 24. f5 Bh5 25. Rf4 Bxd1 26. Qxd1 Qe5 27. Qd3 Qxf4 28.
Kb2 a5 29. Nc6 Rxc6 30. dxc6 Qe5+ 31. Ka2 Rc8 32. Qa6 Qxf5 33. Kb2 Rc7 34. Qb6 Qc8 35. Qd4+ f6 36. Qe4 Rxc6 37. g4 Rxc2+ 38. Qxc2 Qxc2+ 39.
Kxc2 Kg7 40. Kc3 Kg6 41. Kc4 Kg5 42. Kb5 Kxg4 43. Kxa5 h5 44. b4 h4 45. b5 h3 46. b6 h2 47. b7 h1=Q 48. b8=Q Qa1+ 49. Kb6 Qb1+ 50. Kc7 Qxb8+ 51. Kxb8 d5 0-1

[Event "*** Titled Tuesday Blitz"]
[Site "Chess.com"]
[Date "2020.03.03"]
[Round "2"]
[White "MiroVlasenko"]
[Black "Jospem"]
[Result "1-0"]
[WhiteElo "2648"]
[BlackElo "2912"]
[TimeControl "180+1"]
[EndTime "13:20:12 PST"]
[Termination "MiroVlasenko won by resignation"]

1. e4 c5 2. Nc3 d6 3. f4 g6 4. Nf3 Bg7 5. Bb5+ Bd7 6. Bc4 Nc6 7. d3 e6 8. O-O a6 9. a3 Nd4 10. Nxd4 cxd4 11. Ne2 Ne7 12. Qe1 O-O 13. Bb3 Nc6 14.
Bd2 Kh8 15. Ng3 f5 16. exf5 exf5 17. Qf2 a5 18. a4 Qb6 19. Rfe1 Bf6 20. Nh1 Nb4 21.
Re2 Rac8 22. Bxb4 Qxb4 23. Qe1 Qc5 24. Nf2 Rce8 25. Nh3 Rxe2 26. Qxe2 Re8 27. Qd2 Re3 28. Re1 Bc6 29. Nf2 g5 30. Nd1 gxf4 31. Nxe3 dxe3 32.
Qe2 f3 33. gxf3 f4 34. Qg2 d5 35. Kh1 Qf8 36. c3 d4 37. Rg1 Qg7 38. Qh3 Qf8 39. Rg8+ Qxg8 40. Bxg8 Kxg8 41. Kg2 dxc3 42. bxc3 Bxc3 43.
Qg4+ Kh8 44. Qxf4 Bb4 45. Qxe3 Kg7 46. d4 Bxa4 47. d5 Bd7 48. d6 Bc6 49. d7 Bxd7 50.
Qd4+ Kg6 51. Qxd7 Kf6 52. Qxh7 Ke5 53. Qxb7 Kd6 54. Qb5 Bc3 55. Qd3+ 1-0